 Dungeon Crawl Stone Soup version 0.17-a0-1181-gabc46e6 (webtiles) character file.

262 panicbit the Shield-Bearer (level 5, -3/47 HPs)
             Began as a Minotaur Fighter on May 31, 2015.
             Slain by a slave (8 damage)
             ... led by Pikel
             ... on level 4 of the Dungeon.
             The game lasted 00:06:04 (2271 turns).

panicbit the Shield-Bearer (Minotaur Fighter)       Turns: 2271, Time: 00:06:04

Health: -3/47      AC:  7    Str: 22    XL:     5   Next: 97%
Magic:  4/4        EV:  8    Int:  5    God:
Gold:   126        SH: 10    Dex:  9    Spells: 0 memorised, 4 levels left

rFire  . . .     SeeInvis .     n - +0 war axe (holy)
rCold  . . .     Clarity  .     b - +0 scale mail
rNeg   . . .     SustAt   .     c - +0 shield
rPois  .         Gourm    .     (helmet restricted)
rElec  .         Spirit   .     (no cloak)
rCorr  .         Warding  .     (no gloves)
rMut   .         Stasis   .     (no boots)
MR     .....                    (no amulet)
Stlth  ..........               (no ring)
                                (no ring)

@: not resistant to hostile enchantments, extremely unstealthy
A: retaliatory headbutt, horns 2
a: no special abilities


You were on level 4 of the Dungeon.
You were hungry.

You visited 1 branch of the dungeon, and saw 5 of its levels.

You collected 126 gold pieces.

Inventory:

Hand weapons
 n - a +0 war axe of holy wrath (weapon)
Armour
 b - a +0 scale mail (worn)
 c - a +0 shield (worn)
Magical devices
 a - a wand of digging (18)
Scrolls
 h - a scroll of random uselessness {unknown}
 i - 4 scrolls of remove curse {unknown}
 j - 6 scrolls of identify {unknown}
 k - 2 scrolls of enchant weapon {unknown}
 o - 4 scrolls of magic mapping {unknown}
 q - 5 scrolls of teleportation {unknown}
Potions
 d - a potion of might
 f - 4 potions of curing {unknown}
 l - a potion of resistance {unknown}
 r - a potion of brilliance {unknown}
 s - a potion of invisibility {unknown}
 t - 2 potions of cancellation {unknown}
Comestibles
 e - 6 bread rations
 g - 2 meat rations
 m - 6 fruits
 p - a beef jerky
 u - 2 chunks of flesh


   Skills:
 + Level 4.4 Fighting
 + Level 3.8 Axes
 + Level 5.0 Armour
 + Level 2.1 Dodging
 + Level 5.4 Shields


You had 4 spell levels left.
You didn't know any spells.

Dungeon Overview and Level Annotations

Branches:
Dungeon (5/15)
 Temple: D:4-7

Altars:
Trog
The Shining One

Annotations:
D:4 Pikel


Innate Abilities, Weirdness & Mutations

You reflexively headbutt those who attack you in melee.
You have a pair of horns on your head.


Message History

You barely miss Pikel. You headbutt Pikel!
Pikel is heavily wounded.
You hit the slave.
The slave is lightly wounded.
You closely miss the slave.
The slave is heavily wounded.
You miss the slave. You closely miss the slave. You block the slave's attack.
You block Pikel's attack. The slave closely misses you.
The slave hits you but does no damage. The slave hits you.
* * * LOW HITPOINT WARNING * * *
The slave hits you but does no damage. Pikel misses you.
You barely miss Pikel.
Pikel is heavily wounded.
You hit the slave but do no damage. You barely miss the slave.
You hit the slave.
The slave is severely wounded.
You hit the slave.
The slave is moderately wounded.
The slave hits you but does no damage. The slave hits you!
You die...

### ############### ..#
#.............#
..########.............#
.........รท..............
.(########......pp.....#
..##### #......@K.....#
......# #......pp.....#
....#.# #.............#
....#.# #.............#
....#.## #.............#
....#..# #.............#
######.# ######.########
####### #.# #.#
####...... #.# .........


You could see Pikel and 4 slaves.

Vanquished Creatures
  Blork the orc (D:3)
  Jessica (D:3)
  3 worker ants (D:4)
  A hound skeleton (D:4)
  4 adders
  A worm (D:2)
  2 giant geckos
  2 orcs (D:3)
  4 bats
  A hobgoblin (D:2)
  A jackal (D:3)
  2 quokkas (D:4)
  3 giant cockroaches
  2 giant newts (D:3)
  7 goblins
  12 kobolds
  A quokka skeleton (D:4)
  6 rats
54 creatures vanquished.

Vanquished Creatures (others)
  5 toadstools (D:1)
5 creatures vanquished.

Grand Total: 59 creatures vanquished

Notes
Turn   | Place    | Note
--------------------------------------------------------------
     0 | D:1      | panicbit the Minotaur Fighter began the quest for the Orb.
     0 | D:1      | Reached XP level 1. HP: 19/19 MP: 0/0
   127 | D:1      | Reached skill level 4 in Shields
   130 | D:1      | Reached XP level 2. HP: 22/27 MP: 1/1
   377 | D:2      | Found a bloodstained altar of Trog.
   567 | D:2      | Reached XP level 3. HP: 33/33 MP: 2/2
   989 | D:4      | Noticed Blork the orc
   989 | D:4      | Noticed Pikel
   989 | D:4      | Noticed a slave
   989 | D:4      | Noticed a slave
   990 | D:4      | Noticed a slave
   990 | D:4      | Noticed a slave
   995 | D:3      | Killed Blork the orc
   995 | D:3      | Reached skill level 1 in Dodging
   995 | D:3      | Reached XP level 4. HP: 31/40 MP: 3/3
  1079 | D:3      | Noticed Jessica
  1096 | D:3      | Killed Jessica
  1096 | D:3      | Reached XP level 5. HP: 6/46 MP: 4/4
  1392 | D:3      | Reached skill level 5 in Shields
  2067 | D:4      | Found a glowing golden altar of the Shining One.
  2096 | D:5      | Entered Level 5 of the Dungeon
  2100 | D:4      | Reached skill level 5 in Armour
  2271 | D:4      | Slain by a slave

Vault maps used:
D:1:      ldierk_walled_garden, serial_park_tiny_pond
D:2:      lemuel_crystal_altar, first_bread, grunt_decor_resistance
D:3:      minmay_misc_feat_chi, uniq_jessica
D:4:      kennysheep_mini, uniq_crazy_yiuf_cottage, uniq_blork_the_orc,
          uniq_pikel
D:5:      gammafunk_temple_overflow_elements, enter_ossuary_1, basic_altar,
          serial_shops, shop, serial_bayou_lake_a

Action                   |  1- 3 |  4- 6 || total
-------------------------+-------+-------++-------
Melee: War axe           |    81 |    56 ||   137
  Eat: Chunk             |       |     4 ||     4
